Cogmind - Beta 10.2 @@@ ROGUE MODE // 2021.04.30 @ 22:43:28 Player: KTG-V3 Result: Destroyed by Lightning with EMDS Performance ------------- Evolutions (5) 2500 Regions Visited (17) 3400 Robots Destroyed (347) 1735 Value Destroyed (16312) 16312 Prototype IDs (34) 680 Alien Tech Used (0) 0 Bonus (5005) 5005 TOTAL SCORE: 29632 Bonus ------- High Alert Combat Kills 1626 Follower Combat Kills 795 Entered Garrisons 400 Used RIF Installer 1000 Network Hubs Disabled 400 Met Data Miner 300 Met R17 at Cetus 500 Friendly Fire -16 Cogmind --------- Core Integrity 0/1000 Matter 228/300 Energy 76/100 System Corruption 15% Temperature Cool (0) Movement Core (50) Location -5/Hub_04(d) Parts ------- > --- POWER (1) -------- (None) > --- PROPULSION (3) --- (None) > --- UTILITY (10) ----- System Guard > --- WEAPON (3) ------- (None) > --- INVENTORY (4) ---- Lightning Gun Peak State ------------ > --- POWER ------------ Quantum Reactor > --- PROPULSION ------- Medium Treads Centrium Heavy Treads > --- UTILITY ---------- Advanced Heat Sink Large Storage Unit High-capacity Storage Unit High-capacity Storage Unit High-capacity Storage Unit Enhanced Optical Array Improved Weapon Cycler Centrium Medium Armor Plating Centrium Medium Armor Plating Centrium Medium Armor Plating > --- WEAPON ----------- Enhanced Coil Gun Improved KE Penetrator Improved KE Penetrator > --- INVENTORY -------- Quantum Reactor Centrium Heavy Treads Centrium Heavy Treads Improved Energy Well Compact Matter Pod Long-range Terrain Scanner Advanced Terrain Scan Processor Armor Integrity Analyzer Improved Weapon Cycler Improved Weapon Cycler Centrium Medium Armor Plating Centrium Medium Armor Plating Centrium Medium Armor Plating Improved Hacking Suite Relay Coupler [NC] Relay Coupler [NC] Relay Coupler [NC] Relay Coupler [NC] Improved System Backup Module Long-range Tractor Beam Long-range Proton Cannon Heavy Phase Cannon KE Penetrator KE Penetrator KE Penetrator Enhanced Coil Gun Enhanced Coil Gun Enhanced Coil Gun Improved KE Penetrator Long-range Missile Launcher Tiamat Missile Launcher Improved Remote Datajack [Rating: 119] Favorites ----------- Power Enhanced Nuclear Core Engine Ion Engine Power Core Enhanced Nuclear Core Reactor Quantum Reactor Propulsion Light Treads Treads Light Treads Leg Improved Titanium Leg Wheel Wheel Utility High-capacity Storage Unit Device Improved Weapon Cycler Storage High-capacity Storage Unit Processor Enhanced Optical Array Hackware Hacking Suite Protection Improved Medium Armor Plating Weapon Flak Gun Energy Gun Precision Beam Rifle Energy Cannon Long-range Proton Cannon Ballistic Gun Flak Gun Launcher Tiamat Missile Launcher Special Weapon Remote Datajack Slashing Weapon Great Axe Piercing Weapon Spear Build | -11 -10 -10 -10 -9 -8 -8 -7 -7 -6 -6 -6 -5 -5 -5 -5 -5 -5 ------- Run | Scr Mat Min Exi Min Mat Gar Fac Gar Fac Low Dat Pro Fac Ext Cet Arc Hub Slots Evolved 10 | . . . . . 4 . 2 . 2 . . . 2 . . . . Power . | . . . . . . . . . . . . . . . . . . Propulsion 1 | . . . . . . . 1 . . . . . . . . . . Utility 8 | . . . . . 4 . . . 2 . . . 2 . . . . Weapon 1 | . . . . . . . 1 . . . . . . . . . . Parts Attached 450 | 6 15 . 1 5 31 26 51 24 73 33 3 32 57 30 27 8 28 Power 31 | 1 3 . . 2 4 3 4 . 5 . 1 1 4 . 2 . 1 Engine 18 | 1 3 . . 2 2 2 3 . 3 . 1 . . . . . 1 Core 11 | . . . . . 2 1 1 . 2 . . 1 4 . . . . Reactor 2 | . . . . . . . . . . . . . . . 2 . . Propulsion 71 | 2 3 . . . 6 9 8 2 9 6 . 11 7 2 3 1 2 Treads 59 | 2 3 . . . 3 9 8 2 9 3 . 6 6 2 3 1 2 Leg 7 | . . . . . 3 . . . . . . 3 1 . . . . Wheel 5 | . . . . . . . . . . 3 . 2 . . . . . Hover . | . . . . . . . . . . . . . . . . . . Flight . | . . . . . . . . . . . . . . . . . . Utility 178 | 1 4 . 1 . 12 7 16 14 41 8 . 2 25 18 11 6 12 Device 78 | . . . . . 5 1 2 4 14 2 . 1 16 14 6 5 8 Storage 16 | 1 3 . 1 . 3 2 4 . . . . . 1 . 1 . . Processor 7 | . 1 . . . . . . . 2 3 . . . . . 1 . Hackware 10 | . . . . . . . 2 3 4 . . . . . . . 1 Protection 67 | . . . . . 4 4 8 7 21 3 . 1 8 4 4 . 3 Artifact . | . . . . . . . . . . . . . . . . . . Weapon 170 | 2 5 . . 3 9 7 23 8 18 19 2 18 21 10 11 1 13 Energy Gun 15 | . 1 . . . 7 4 1 . . . . . . . 1 . 1 Energy Cannon 11 | . . . . . . . . . . . . 1 5 . 1 . 4 Ballistic Gun 99 | 2 3 . . 2 1 2 16 4 11 16 1 9 13 6 5 1 7 Ballistic Cannon . | . . . . . . . . . . . . . . . . . . Launcher 16 | . 1 . . 1 . 1 . 2 1 . . 6 1 . 3 . . Special Weapon 18 | . . . . . . . 1 2 4 2 1 2 2 3 1 . . Impact Weapon . | . . . . . . . . . . . . . . . . . . Slashing Weapon 9 | . . . . . . . 4 . 2 1 . . . 1 . . 1 Piercing Weapon 2 | . . . . . 1 . 1 . . . . . . . . . . Special Melee Weapon . | . . . . . . . . . . . . . . . . . . Unidentified Prototypes 11 | . . . . . 1 . 3 . 1 . . . 2 . 4 . . Parts Lost 71 | . 1 . . . 8 6 7 2 11 18 . 3 8 3 2 . 2 Power 5 | . . . . . 2 1 . . 2 . . . . . . . . Propulsion 24 | . . . . . 3 . 4 2 3 7 . 2 1 . 1 . 1 Utility 21 | . . . . . . 2 1 . 3 5 . 1 5 2 1 . 1 Weapon 21 | . 1 . . . 3 3 2 . 3 6 . . 2 1 . . . Highest Loss Streak 8 | . 1 . . . 3 3 2 1 3 8 . 1 3 1 2 . 1 Average Slot Usage (%) 94 | . 98 100 91 85 88 93 95 99 98 93 93 98 91 93 94 94 84 Engine 4 | . 14 14 14 14 1 5 4 7 3 . . 4 . . . . . Core 2 | . . . . . 7 3 2 . 2 6 6 1 5 5 . . . Treads 16 | . 27 28 28 28 9 15 22 22 19 9 . 7 12 11 11 11 10 Wheel 1 | . . . . . . . . . . 6 13 8 . . . . . Device 5 | . . . . . 16 12 2 . 4 1 . . 8 16 11 11 10 Storage 24 | . 26 28 19 14 17 23 29 30 26 26 26 26 23 23 23 23 20 Processor 5 | . . . . . . . . . 2 15 20 20 13 5 5 5 9 Protection 8 | . . . . . 8 12 9 14 14 7 6 5 7 10 17 16 8 Energy Gun 1 | . . . . . 12 13 2 . . . . . . . . . . Ballistic Gun 17 | . 27 28 28 27 4 3 18 22 18 19 17 16 14 16 13 17 12 Naked Turns 7 | . . . . . . . . . . . . . . . . . 7 Heaviest Build 191 | 11 56 56 88 94 131 139 174 174 178 172 159 167 186 187 191 172 171 Greatest Support 108 | 40 40 40 40 40 43 46 74 64 80 70 20 63 93 100 103 108 108 Greatest Overweight (x) 15 | . 1 1 2 2 3 6 4 3 3 15 7 9 3 1 2 1 1 Average Overweight (x) 2 | . . 1 1 2 2 2 1 2 1 4 7 5 1 1 1 1 . Largest Inventory Capacity 52 | 6 18 18 24 24 52 38 36 36 36 36 36 36 36 36 36 34 34 Average Capacity 31 | 5 11 18 20 24 31 29 35 36 36 36 36 36 36 36 34 34 30 Most Carried 36 | 6 16 17 22 24 32 33 36 36 36 36 36 36 36 36 36 34 34 Average Carried 30 | 4 10 16 18 22 29 27 33 35 35 33 36 35 35 35 34 34 30 Final Capacity 36 | 6 18 18 24 24 32 24 36 36 36 36 36 36 36 36 34 34 4 Final Carried 36 | 6 16 17 22 24 32 24 36 36 36 36 35 35 36 36 34 34 1 Class Distribution -------------------- 32% | Hauler-Tank 28% | Hauler-Mutant 11% | Mutant 9% | Bothacker-Tank 6% | Scavenger-Tank 3% | Bothacker-Mutant 3% | Scavenger-Mutant Dominant Class ---------------- Mutant | -10/Materials Mutant | -10/Mines Hauler-Mutant | -10/Exiles Hauler-Mutant | -9/Mines Hauler-Mutant | -8/Materials Hauler-Mutant | -8/Garrison Hauler-Tank | -7/Factory Hauler-Tank | -7/Garrison Bothacker-Tank | -6/Factory Hauler-Tank | -6/Lower Caves Hauler-Tank | -6/Data Miner Hauler-Tank | -5/Proximity Caves Hauler-Tank | -5/Factory Hauler-Tank | -5/Extension Scavenger-Mutant | -5/Cetus Scavenger-Tank | -5/Archives Scavenger-Skirmisher | -5/Hub_04(d) Resources | -11 -10 -10 -10 -9 -8 -8 -7 -7 -6 -6 -6 -5 -5 -5 -5 -5 -5 ----------- Run | Scr Mat Min Exi Min Mat Gar Fac Gar Fac Low Dat Pro Fac Ext Cet Arc Hub Matter Collected 12639 | 282 511 62 10 150 542 390 1846 847 2289 834 . 625 1463 1214 532 432 610 Remotely 3399 | . . . . . . 100 268 113 566 . . . 650 737 215 378 372 Salvage Created 16365 | 96 785 . . 147 1384 991 1808 807 2197 1059 . 536 2455 1671 822 594 1013 Parts 840 | 6 57 . . 9 80 46 95 35 123 60 . 14 125 66 45 29 50 Haulers Intercepted 6 | . 2 . . . 1 . 1 . . . . . 1 . . . 1 Recyclers Shooed 7 | . 1 . . . 1 . . . 1 . . . 3 1 . . . Parts Field Recycled . | . . . . . . . . . . . . . . . . . . Retrieved Matter . | . . . . . . . . . . . . . . . . . . Parts Self-Destructed 87 | . . . . . . . . . . 64 . 23 . . . . . Prevented 8 | . . . . . . . . . . . . 8 . . . . . Kills | -11 -10 -10 -10 -9 -8 -8 -7 -7 -6 -6 -6 -5 -5 -5 -5 -5 -5 ------- Run | Scr Mat Min Exi Min Mat Gar Fac Gar Fac Low Dat Pro Fac Ext Cet Arc Hub Combat Hostiles Destroyed 279 | . 18 . . 6 26 24 34 21 33 12 . 13 31 21 21 4 15 Guns 222 | . 15 . . 3 25 21 34 15 30 12 . 2 28 21 . 4 12 Cannons 4 | . . . . . . . . . . . . . 1 . . . 3 AOE 42 | . 3 . . 3 1 3 . 6 3 . . 10 . . 13 . . Classes Destroyed 16 | 2 6 . . 1 1 . 5 . . 1 . . . . . . . Worker 14 | . 3 . . . 1 . 2 . 4 . . . 3 . . . 1 Builder 7 | . . . . . 1 . 1 . 2 . . . . 2 . . 1 Tunneler 4 | 2 . . . . . . 1 . 1 . . . . . . . . Hauler 6 | . 2 . . . 1 . 1 . . . . . 1 . . . 1 Recycler 6 | 1 1 . . . . . . . 2 . . . 2 . . . . Mechanic 2 | . . . . . . . 1 . . . . . . 1 . . . Operator 12 | . 1 . . . 1 . 1 . 1 . . . . . . 7 1 Watcher 17 | . 3 . . . 2 . 2 . 1 . . . 1 3 2 . 3 Swarmer 63 | . 8 . . 3 3 6 7 6 3 1 . 4 7 . 10 . 5 Grunt 124 | . 10 . . 1 15 10 14 13 17 6 . 6 12 12 2 . 6 Brawler 6 | . . . . . . . 1 1 . . . 1 2 . 1 . . Duelist 6 | . . . . . . . 2 . 1 1 . 1 . 1 . . . Sentry 43 | . . . . 2 8 8 3 . 6 1 . 1 4 4 . 4 2 Hunter 11 | . . . . . . . 3 1 1 2 . . 2 2 . . . Programmer 15 | . . . . . . . 4 . 5 . . . 4 . . . 2 Behemoth 3 | . . . . . . . . . . 1 . . . 2 . . . Cetus Guard 8 | . . . . . . . . . . . . . . . 8 . . Best Kill Streak 9 | 2 4 . . 3 9 5 6 6 5 5 . 6 8 8 8 7 6 Combat Bots Only 9 | . 3 . . 3 9 5 6 6 4 5 . 6 8 6 8 2 5 Max Kills in Single Turn 4 | 1 2 . . 1 1 1 1 2 2 2 . 4 2 2 4 1 2 Gunslinging 1 | . . . . . . . . 1 . 1 . . 1 1 . . 1 Exploded 4 | . 2 . . 1 1 1 . 2 2 . . 4 . . 4 . . Melee . | . . . . . . . . . . . . . . . . . . Uniques/NPCs Destroyed . | . . . . . . . . . . . . . . . . . . Combat | -11 -10 -10 -10 -9 -8 -8 -7 -7 -6 -6 -6 -5 -5 -5 -5 -5 -5 -------- Run | Scr Mat Min Exi Min Mat Gar Fac Gar Fac Low Dat Pro Fac Ext Cet Arc Hub Damage Taken 23901 | . 613 . . 294 1772 1600 2463 1223 3276 3297 . 649 3309 1767 866 403 2369 Core 2394 | . 107 . . 15 144 102 149 146 264 404 . 46 276 45 . 29 667 Absorbed by Shields 20 | . . . . . . 20 . . . . . . . . . . . Reduced by Siege Mode 139 | . . . . . . . . . . . . . 65 52 . . 22 Core Remaining (%) 55 | 100 . . . 51 . 55 . 57 . . . 16 . . . . . Volleys Fired 948 | 11 87 . . 18 117 67 98 63 111 52 1 29 107 82 22 31 52 Largest 3 | 2 2 . . 2 2 2 3 3 3 3 1 3 3 3 3 3 3 Hottest 166 | 40 60 . . 43 136 122 117 81 81 86 30 88 147 93 93 100 166 Shots Fired 2141 | 22 168 . . 33 214 128 266 143 284 130 1 50 264 198 25 93 122 Gun 1951 | 22 163 . . 30 214 123 258 128 268 119 . 30 218 180 5 93 100 Cannon 74 | . . . . . . . . . . . . 4 46 . 2 . 22 Launcher 54 | . 5 . . 3 . 5 . 8 4 . . 11 . . 18 . . Special 62 | . . . . . . . 8 7 12 11 1 5 . 18 . . . Kinetic 1698 | 22 162 . . 30 87 18 239 128 268 119 . 30 218 180 5 93 99 Thermal 260 | . 1 . . . 95 105 19 . . . . . 18 . . . 22 Explosive 37 | . 5 . . 3 . 5 . 8 4 . . 5 . . 7 . . Electromagnetic 84 | . . . . . 32 . . . . . . 10 28 . 13 . 1 Robot Hit Streak 53 | 5 25 . . 9 31 53 29 8 18 31 1 10 26 32 20 22 25 Robot Miss Streak 9 | 3 3 . . 1 9 9 8 4 7 4 . 6 3 3 2 2 2 Penetration Max 2 | . . . . . . . 1 1 1 1 . . 1 1 . 1 2 Secondary Targets 45 | . 2 . . 1 4 3 5 4 1 4 . . 7 9 . . 5 Max Gunslinging Chain 2 | . 1 . . 1 1 1 1 1 1 1 . . 2 2 . . 1 Shots Hit Robots 1577 | 14 114 . . 23 157 98 220 78 225 115 1 30 188 158 8 71 77 Core Hits 904 | 7 52 . . 10 59 57 173 37 166 77 . 39 71 51 35 25 45 Critical Hits 76 | . 1 . . 1 1 . . 1 . 3 . . 18 25 1 15 10 Critical Kills 26 | . 1 . . . . . . . . 1 . . 6 9 . 5 4 Critical Parts Destroyed 42 | . . . . 1 1 . . 1 . 2 . . 12 13 1 6 5 Melee Attacks 22 | . . . . . 3 . 11 . 5 3 . . . . . . . Impact . | . . . . . . . . . . . . . . . . . . Slashing 17 | . . . . . . . 9 . 5 3 . . . . . . . Piercing 5 | . . . . . 3 . 2 . . . . . . . . . . Sneak Attacks 3 | . . . . . . . 1 . 2 . . . . . . . . Combat Hostiles . | . . . . . . . . . . . . . . . . . . Follow-up Attacks . | . . . . . . . . . . . . . . . . . . Damage Inflicted 39398 | 127 1191 . . 534 2727 2138 3554 1995 5101 2530 . 2002 5392 4563 2891 2002 2651 Guns 30069 | 127 956 . . 256 2576 1717 3405 1424 3874 2197 . 251 4605 4563 79 2002 2037 Cannons 1274 | . . . . . . . . . . . . 119 787 . 90 . 278 Explosions 7342 | . 218 . . 278 151 421 70 571 957 . . 1632 . . 2722 . 322 Melee 682 | . . . . . . . 79 . 270 333 . . . . . . . Ramming 31 | . 17 . . . . . . . . . . . . . . . 14 Kinetic 26644 | 127 956 . . 256 868 289 3116 1424 3874 2197 . 251 4605 4563 79 2002 2037 Thermal 3644 | . . . . . 1576 1428 289 . . . . 39 34 . . . 278 Explosive 5161 | . 218 . . 278 . 421 . 571 872 . . 1119 . . 1682 . . Electromagnetic 3236 | . . . . . 283 . 70 . 85 . . 593 753 . 1130 . 322 Impact . | . . . . . . . . . . . . . . . . . . Slashing 603 | . . . . . . . . . 270 333 . . . . . . . Piercing 79 | . . . . . . . 79 . . . . . . . . . . Highest Corruption 14 | . . . . . . . 6 6 2 2 2 2 5 5 . . 14 Average Corruption 3 | . . . . . . . 4 6 1 2 2 2 2 3 . . 3 Corruption Purged 10 | . . . . . . . . . . . . . 5 5 . . . Effects 190 | . . . . . . . 53 45 12 24 1 14 17 20 . . 4 Message Errors 54 | . . . . . . . 11 8 8 9 . 1 11 5 . . 1 Matter Fused 31 | . . . . . . . 9 13 . . . . 2 7 . . . Heat Flow Errors 23 | . . . . . . . 7 4 1 4 . 4 1 2 . . . Energy Discharges 29 | . . . . . . . 9 6 . 3 1 5 1 4 . . . Parts Rejected 3 | . . . . . . . 2 1 . . . . . . . . . Data Loss (minor) 13 | . . . . . . . 5 2 2 2 . 1 1 . . . . Data Loss (major) 2 | . . . . . . . 1 1 . . . . . . . . . Misfires 3 | . . . . . . . 3 . . . . . . . . . . Misdirections 1 | . . . . . . . . . . . . . . . . . 1 Targeting Errors 27 | . . . . . . . 5 8 . 6 . 3 1 2 . . 2 Weapon Failures 4 | . . . . . . . 1 2 1 . . . . . . . . Overload Shots . | . . . . . . . . . . . . . . . . . . Overflow Damage 526 | . 5 . . 2 6 72 . . 178 193 . 20 3 . 47 . . Projectiles 3 | . . . . . . . . . . . . . 3 . . . . Explosions 192 | . 5 . . 2 6 72 . . 40 . . 20 . . 47 . . Melee 331 | . . . . . . . . . 138 193 . . . . . . . Knockbacks . | . . . . . . . . . . . . . . . . . . Impact . | . . . . . . . . . . . . . . . . . . Kinetic . | . . . . . . . . . . . . . . . . . . Secondary . | . . . . . . . . . . . . . . . . . . Self-Inflicted Damage 348 | . . . . . 30 16 26 23 11 . . . 33 . 22 . 187 Shots 9 | . . . . . 1 1 1 1 1 . . . 1 . 1 . 2 Rammed 3 | . 1 . . . . . . . . . . . . . . . 2 Targets Rammed 3 | . 1 . . . . . . . . . . . . . . . 2 Kicked . | . . . . . . . . . . . . . . . . . . Crushed . | . . . . . . . . . . . . . . . . . . Highest Temperature 530 | . 28 . . 27 36 120 345 326 316 261 6 223 507 182 34 37 530 Average Temperature 73 | . 10 . . 10 14 36 75 78 67 56 6 62 105 56 10 16 131 Received Heat Transfer 5802 | . 228 . . 105 684 552 612 450 1110 651 . 156 624 348 . 36 246 Effects 16 | . . . . . . . 2 . 5 . . . 3 . . . 6 Shutdowns 4 | . . . . . . . 1 . . . . . 1 . . . 2 Energy Bleed 2 | . . . . . . . . . 1 . . . . . . . 1 Interference 4 | . . . . . . . . . 4 . . . . . . . . Matter Decay 3 | . . . . . . . 1 . . . . . 2 . . . . Damage (major) 3 | . . . . . . . . . . . . . . . . . 3 Siege Activations 23 | . . . . . . . . . . . . . 7 8 . 4 4 Total Turns 327 | . . . . . . . . . . . . . 103 115 . 69 40 Longest Duration 38 | . . . . . . . . . . . . . 31 24 . 38 18 Robots Corrupted 11 | . . . . . . . . . . . . 1 2 . 8 . . Combat Hostiles 11 | . . . . . . . . . . . . 1 2 . 8 . . Parts Fried 19 | . . . . . . . . . 1 . . . 7 . 10 . 1 Impact Corruptions . | . . . . . . . . . . . . . . . . . . Robots Melted . | . . . . . . . . . . . . . . . . . . Combat Hostiles . | . . . . . . . . . . . . . . . . . . Parts Melted 13 | . . . . . 5 3 1 . . . . . 1 2 . . 1 Heat Transferred 7002 | . . . . . 2938 3052 629 . . . . 50 37 . . . 296 Parts Sabotaged . | . . . . . . . . . . . . . . . . . . Parts Stolen . | . . . . . . . . . . . . . . . . . . Parts Stripped . | . . . . . . . . . . . . . . . . . . Power Chain Reactions 3 | . . . . . 2 . . . . . . 1 . . . . . Missiles Intercepted . | . . . . . . . . . . . . . . . . . . Alert | -11 -10 -10 -10 -9 -8 -8 -7 -7 -6 -6 -6 -5 -5 -5 -5 -5 -5 ------- Run | Scr Mat Min Exi Min Mat Gar Fac Gar Fac Low Dat Pro Fac Ext Cet Arc Hub Peak Influence 1409 | 15 257 56 . 100 517 1409 753 1102 700 . . . 505 508 727 465 1305 Initial 739 | . 9 56 . . 17 336 739 406 578 . . . 94 217 272 244 4 Average 379 | 5 117 56 . 16 298 878 489 838 422 . . . 334 155 487 246 354 Maximum Alert Level 4 | . 1 . . . 2 4 3 4 3 . . . 2 2 3 2 4 Low Security (%) 28 | 100 88 100 . 100 18 . 3 . 12 . . . 5 62 . 39 23 Level 1 30 | . 11 . . . 59 8 24 . 39 . . . 61 33 35 39 40 Level 2 28 | . . . . . 21 26 56 34 42 . . . 32 4 64 20 25 Level 3 9 | . . . . . . 40 15 53 5 . . . . . . . 7 Level 4 2 | . . . . . . 24 . 11 . . . . . . . . 3 Level 5 . | . . . . . . . . . . . . . . . . . . High Security . | . . . . . . . . . . . . . . . . . . Max Security . | . . . . . . . . . . . . . . . . . . Squads Dispatched 54 | . 5 . . 1 7 . 15 . 13 . . 1 7 3 . . 2 Investigation 9 | . 3 . . 1 1 . 2 . 1 . . . . . . . 1 Extermination 12 | . . . . . . . 4 . 5 . . . 2 . . . 1 Reinforcement 15 | . 2 . . . 3 . 2 . 4 . . . 2 2 . . . Assault 3 | . . . . . . . 1 . . . . 1 . 1 . . . Garrison 15 | . . . . . 3 . 6 . 3 . . . 3 . . . . Intercept . | . . . . . . . . . . . . . . . . . . Construction Impeded 5 | . . . . . 1 . . . 2 . . . . 2 . . . Haulers Reinforced 1 | . . . . . . . . . . . . . 1 . . . . Stealth | -11 -10 -10 -10 -9 -8 -8 -7 -7 -6 -6 -6 -5 -5 -5 -5 -5 -5 --------- Run | Scr Mat Min Exi Min Mat Gar Fac Gar Fac Low Dat Pro Fac Ext Cet Arc Hub Distress Signals 13 | . 3 . . . 2 . . . 1 . . . 2 2 1 1 1 Communications Jammed . | . . . . . . . . . . . . . . . . . . Distress Signals . | . . . . . . . . . . . . . . . . . . Times Spotted 453 | . 31 2 . 6 39 25 48 28 44 18 . 31 42 39 22 16 62 Peak Tracking Total 16 | . 5 7 . 3 6 5 8 5 5 8 . 9 7 6 7 1 16 Tactical Retreats 32 | . 1 . . . 5 3 4 5 2 2 . . 3 2 . . 5 Traps | -11 -10 -10 -10 -9 -8 -8 -7 -7 -6 -6 -6 -5 -5 -5 -5 -5 -5 ------- Run | Scr Mat Min Exi Min Mat Gar Fac Gar Fac Low Dat Pro Fac Ext Cet Arc Hub Traps Triggered 23 | . 1 . . . . 11 1 6 . . . . . 3 . . 1 Indirectly 1 | . . . . . . . . . . . . . . . . . 1 Trap Hack Attempts . | . . . . . . . . . . . . . . . . . . Triggered . | . . . . . . . . . . . . . . . . . . Disarmed . | . . . . . . . . . . . . . . . . . . Reprogrammed . | . . . . . . . . . . . . . . . . . . Reused . | . . . . . . . . . . . . . . . . . . Traps Extracted . | . . . . . . . . . . . . . . . . . . Installed . | . . . . . . . . . . . . . . . . . . Triggered 2 | . . . . . 2 . . . . . . . . . . . . Machines | -11 -10 -10 -10 -9 -8 -8 -7 -7 -6 -6 -6 -5 -5 -5 -5 -5 -5 ---------- Run | Scr Mat Min Exi Min Mat Gar Fac Gar Fac Low Dat Pro Fac Ext Cet Arc Hub Machines Disabled 71 | . . . . 1 1 4 2 4 7 . . 1 12 5 2 4 28 Max in Single Turn 14 | . . . . 1 1 1 1 1 2 . . 1 2 1 1 1 14 Garrison Access 1 | . . . . . . . . . . . . . 1 . . . . Garrison Relay 8 | . . . . . . 4 . 4 . . . . . . . . . Network Hub 2 | . . . . . . . . . . . . . . . . . 2 Machines Sabotaged . | . . . . . . . . . . . . . . . . . . Garrisons Compromised . | . . . . . . . . . . . . . . . . . . Overloaded Fab Kills . | . . . . . . . . . . . . . . . . . . Fab Network Shutdowns . | . . . . . . . . . . . . . . . . . . Hacking | -11 -10 -10 -10 -9 -8 -8 -7 -7 -6 -6 -6 -5 -5 -5 -5 -5 -5 --------- Run | Scr Mat Min Exi Min Mat Gar Fac Gar Fac Low Dat Pro Fac Ext Cet Arc Hub Machines Accessed 59 | . 7 . 1 1 6 . 10 . 10 2 4 . 4 5 3 . 6 Terminals 35 | . 4 . . . 3 . 5 . 6 . . . 3 5 3 . 6 Fabricators 4 | . . . . . . . 2 . 2 . . . . . . . . Repair Stations 5 | . 1 . . . . . 2 . 2 . . . . . . . . Recycling Units 3 | . 2 . . . 1 . . . . . . . . . . . . Scanalyzers 1 | . . . . . 1 . . . . . . . . . . . . Garrison Access 3 | . . . . . 1 . 1 . . . . . 1 . . . . Total Hacks 171 | . 23 . 4 1 16 . 27 . 21 2 28 . 10 18 7 . 14 Successful 107 | . 14 . 4 1 13 . 17 . 9 2 28 . 6 6 3 . 4 Failed 64 | . 9 . . . 3 . 10 . 12 . . . 4 12 4 . 10 Catastrophic 14 | . 2 . . . 1 . 2 . 2 . . . 1 1 . . 5 Database Lockouts . | . . . . . . . . . . . . . . . . . . Manual 55 | . 16 . . . 8 . 6 . 4 . . . 7 8 . . 6 Terminals 96 | . 14 . . . 11 . 12 . 11 . . . 9 18 7 . 14 Fabricators 9 | . . . . . . . 5 . 4 . . . . . . . . Repair Stations 20 | . 5 . . . . . 9 . 6 . . . . . . . . Recycling Units 6 | . 4 . . . 2 . . . . . . . . . . . . Scanalyzers 2 | . . . . . 2 . . . . . . . . . . . . Garrison Access 3 | . . . . . 1 . 1 . . . . . 1 . . . . Terminal Hacks 65 | . 4 . 4 1 5 . 5 . 3 2 28 . 4 4 3 . 2 Record 18 | . . . 4 . . . . . . . 11 . 1 . 2 . . Part Schematic 9 | . 1 . . . 1 . . . . . 6 . 1 . . . . Robot Schematic 8 | . . . . . . . . . . . 8 . . . . . . Robot Analysis 3 | . 1 . . . . . . . . . . . . 2 . . . Prototype ID Bank 3 | . . . . . . . . . . . 3 . . . . . . Open Door 4 | . . . . 1 . . . . . 2 . . . . 1 . . Branch Access Points 4 | . . . . . 1 . 1 . 1 . . . 1 . . . . Machine Index 1 | . . . . . . . . . . . . . . . . . 1 Alert Level 2 | . 1 . . . 1 . . . . . . . . . . . . Unreport Threat 4 | . . . . . . . 2 . . . . . 1 1 . . . Locate Traps 7 | . 1 . . . 1 . 2 . 1 . . . . 1 . . 1 Recall Investigation 1 | . . . . . . . . . 1 . . . . . . . . Hauler Manifests 1 | . . . . . 1 . . . . . . . . . . . . Fabricator Hacks 4 | . . . . . . . 3 . 1 . . . . . . . . Load Schematic 3 | . . . . . . . 2 . 1 . . . . . . . . Build 1 | . . . . . . . 1 . . . . . . . . . . Repair Station Hacks 15 | . 4 . . . . . 7 . 4 . . . . . . . . Scan Component 8 | . 2 . . . . . 4 . 2 . . . . . . . . Repair 7 | . 2 . . . . . 3 . 2 . . . . . . . . Recycling Unit Hacks 2 | . 1 . . . 1 . . . . . . . . . . . . Report Inventory 2 | . 1 . . . 1 . . . . . . . . . . . . Scanalyzer 2 | . . . . . 2 . . . . . . . . . . . . Insert Component 1 | . . . . . 1 . . . . . . . . . . . . Analyze 1 | . . . . . 1 . . . . . . . . . . . . Garrison Access Hacks 3 | . . . . . 1 . 1 . . . . . 1 . . . . Unlock Access 2 | . . . . . 1 . 1 . . . . . . . . . . Seal Access 1 | . . . . . . . . . . . . . 1 . . . . Unauthorized Hacks 16 | . 5 . . . 4 . 1 . 1 . . . 1 2 . . 2 Terminals 13 | . 3 . . . 3 . 1 . 1 . . . 1 2 . . 2 Track 3 | . 1 . . . 1 . . . . . . . . 1 . . . Assimilate 1 | . 1 . . . . . . . . . . . . . . . . Botnet 9 | . 1 . . . 2 . 1 . 1 . . . 1 1 . . 2 Fabricators . | . . . . . . . . . . . . . . . . . . Repair Stations . | . . . . . . . . . . . . . . . . . . Recycling Units 3 | . 2 . . . 1 . . . . . . . . . . . . Tunnel 3 | . 2 . . . 1 . . . . . . . . . . . . Scanalyzers . | . . . . . . . . . . . . . . . . . . Garrison Access . | . . . . . . . . . . . . . . . . . . Data Cores Recovered . | . . . . . . . . . . . . . . . . . . Used . | . . . . . . . . . . . . . . . . . . Hacking Detections 41 | . 4 . . . 3 . 10 . 10 . . . 3 4 2 . 5 Full Trace Events 4 | . . . . . . . 2 . 1 . . . . . . . 1 Feedback Events 2 | . . . . . . . 1 . 1 . . . . . . . . Corruption 1 | . . . . . . . 1 . . . . . . . . . . Hackware Fried 1 | . . . . . . . . . 1 . . . . . . . . Feedback Blocked . | . . . . . . . . . . . . . . . . . . Robot Schematics Acquired 8 | . . . . . . . . . . . 8 . . . . . . Robots Built . | . . . . . . . . . . . . . . . . . . Matter . | . . . . . . . . . . . . . . . . . . Time . | . . . . . . . . . . . . . . . . . . Total Robot Build Rating . | . . . . . . . . . . . . . . . . . . Part Schematics Acquired 10 | . 1 . . . 2 . . . . . 6 . 1 . . . . Parts Built 1 | . . . . . . . 1 . . . . . . . . . . Matter 124 | . . . . . . . 124 . . . . . . . . . . Time 31 | . . . . . . . 31 . . . . . . . . . . Total Part Build Rating 2 | . . . . . . . 2 . . . . . . . . . . Parts Repaired 7 | . 2 . . . . . 3 . 2 . . . . . . . . Time 319 | . 52 . . . . . 185 . 82 . . . . . . . . Parts Recycled . | . . . . . . . . . . . . . . . . . . Recycled Matter . | . . . . . . . . . . . . . . . . . . Retrieved Matter . | . . . . . . . . . . . . . . . . . . Retrieved Components . | . . . . . . . . . . . . . . . . . . Parts Scanalyzed 1 | . . . . . 1 . . . . . . . . . . . . Part Schematics Acquired 1 | . . . . . 1 . . . . . . . . . . . . Parts Damaged . | . . . . . . . . . . . . . . . . . . Bothacking | -11 -10 -10 -10 -9 -8 -8 -7 -7 -6 -6 -6 -5 -5 -5 -5 -5 -5 ------------ Run | Scr Mat Min Exi Min Mat Gar Fac Gar Fac Low Dat Pro Fac Ext Cet Arc Hub Used RIF Installer 2 | . . . . . . 1 . 1 . . . . . . . . . Signal Jammer 1 | . . . . . . . . 1 . . . . . . . . . Robots Hacked 11 | . . . . . . . 1 3 3 1 1 1 . 1 . . . Non-combat 3 | . . . . . . . 1 . 1 . . . . 1 . . . Combat 8 | . . . . . . . . 3 2 1 1 1 . . . . . Robot Hacks Applied 20 | . . . . . . . 4 3 8 1 1 1 . 2 . . . parse_system 6 | . . . . . . . 1 . 1 1 1 1 . 1 . . . no_distress 1 | . . . . . . . . . . . . . . 1 . . . generate_echo 1 | . . . . . . . . . 1 . . . . . . . . purge_threat 4 | . . . . . . . 2 . 2 . . . . . . . . locate_traps 1 | . . . . . . . 1 . . . . . . . . . . disarm_traps 1 | . . . . . . . . . 1 . . . . . . . . link_fov 1 | . . . . . . . . . 1 . . . . . . . . formatsys_high 5 | . . . . . . . . 3 2 . . . . . . . . Relay Couplers Released 32 | . . . . . . 17 . 15 . . . . . . . . . Machine Destruction 32 | . . . . . . 17 . 15 . . . . . . . . . Attached 7 | . . . . . . . 1 3 3 . . . . . . . . Robots Rewired 11 | . . . . . . . . . . 2 . 2 . 7 . . . Allies Hacked . | . . . . . . . . . . . . . . . . . . Hacks Repelled . | . . . . . . . . . . . . . . . . . . Allies | -11 -10 -10 -10 -9 -8 -8 -7 -7 -6 -6 -6 -5 -5 -5 -5 -5 -5 -------- Run | Scr Mat Min Exi Min Mat Gar Fac Gar Fac Low Dat Pro Fac Ext Cet Arc Hub Total Allies 27 | . . . . . . . . 3 2 3 . 3 . 16 . . . Largest Group 9 | . . . . . . . . 1 1 3 2 4 . 9 . . . Highest-Rated Group 242 | . . . . . . . . 21 41 224 61 224 . 242 . . . Highest-Rated Ally 163 | . . . . . . . . 21 41 163 32 94 . 37 . . . Total Orders 3 | . . . . . . . . . . . . . 2 . . . 1 EXPLORE 3 | . . . . . . . . . . . . . 2 . . . 1 Ally Attacks 130 | . . . . . . . . 5 5 12 . 53 . 55 . . . Total Damage 3543 | . . . . . . . . 114 137 325 . 1740 . 1227 . . . Kills 26 | . . . . . . . . . . 2 . 15 . 9 . . . Allies Corrupted . | . . . . . . . . . . . . . . . . . . Allies Melted . | . . . . . . . . . . . . . . . . . . Intel | -11 -10 -10 -10 -9 -8 -8 -7 -7 -6 -6 -6 -5 -5 -5 -5 -5 -5 ------- Run | Scr Mat Min Exi Min Mat Gar Fac Gar Fac Low Dat Pro Fac Ext Cet Arc Hub Robot Analysis Total 3 | . 1 . . . . . . . . . . . . 2 . . . Derelict Logs Recovered 5 | . . . . 1 . . . . . 2 . 2 . . . . . Drone Launches 5 | . . . . . . . . . . . . . 3 . . . 2 Drone Recoveries 1 | . . . . . . . . . . . . . 1 . . . . Exploration | -11 -10 -10 -10 -9 -8 -8 -7 -7 -6 -6 -6 -5 -5 -5 -5 -5 -5 ------------- Run | Scr Mat Min Exi Min Mat Gar Fac Gar Fac Low Dat Pro Fac Ext Cet Arc Hub Turns Passed 25120 | 123 2015 167 898 1179 1507 1319 2982 1393 3128 2123 161 1472 2358 1561 623 1322 789 Spaces Moved 10918 | 52 969 70 465 553 486 504 1154 601 1332 1105 104 791 1000 611 271 436 414 Core 144 | 2 . . . . . . . . . . . . . . . . 142 Treads 9125 | 50 969 70 465 553 234 447 1154 601 1332 436 . 224 1000 611 271 436 272 Legs 314 | . . . . . 252 57 . . . . . 5 . . . . . Wheels 1335 | . . . . . . . . . . 669 104 562 . . . . . Hover . | . . . . . . . . . . . . . . . . . . Flight . | . . . . . . . . . . . . . . . . . . Fastest Speed 50 | 50 160 180 160 200 200 180 180 190 180 140 150 150 180 180 180 180 50 Average Speed 183 | 155 168 180 188 200 219 200 197 191 192 168 150 165 183 180 180 180 135 Slowest Speed 280 | 160 180 180 200 200 220 280 240 212 220 280 150 270 220 180 200 180 180 Overloaded Moves . | . . . . . . . . . . . . . . . . . . Propulsion Burnouts . | . . . . . . . . . . . . . . . . . . Robots Hopped 1 | . . . . . . . . . . . . . . 1 . . . Cave-ins Triggered . | . . . . . . . . . . . . . . . . . . Exploration Rate (%) 66 | 6 97 18 87 98 42 76 28 88 27 95 75 92 26 86 93 100 57 Regions Visited 17 Branch Regions 10 Pre-discovered Areas 7 | . 2 . 1 1 1 . . . . 1 1 . . . . . . Known Exits Taken 8 | . 1 . . . 1 . 1 . 1 1 1 1 1 . . . . Unknown Exits Taken 7 | 1 . 1 1 1 . . . . . . . . . 1 1 1 . Scrap Searched 8 | . . 1 . 2 . . . . . 4 . 1 . . . . . Spaces Dug 216 | . . . . 10 2 9 9 11 1 . . . 14 . . . 160 Terrain Destroyed 782 | . 43 . . 24 11 17 9 16 43 1 . 43 88 69 50 27 341 Melee 12 | . . . . . 2 . 9 . 1 . . . . . . . . Projectile 224 | . . . . . . . . 5 . 1 . . 76 69 3 27 43 AOE 546 | . 43 . . 24 9 17 . 11 42 . . 43 12 . 47 . 298 Terrain Rammed . | . . . . . . . . . . . . . . . . . . Walls Destroyed . | . . . . . . . . . . . . . . . . . . Machines Disabled . | . . . . . . . . . . . . . . . . . . Actions | -11 -10 -10 -10 -9 -8 -8 -7 -7 -6 -6 -6 -5 -5 -5 -5 -5 -5 --------- Run | Scr Mat Min Exi Min Mat Gar Fac Gar Fac Low Dat Pro Fac Ext Cet Arc Hub Total 14442 | 74 1207 111 485 601 719 689 1633 739 1696 1262 108 910 1361 967 393 921 566 Wait 1514 | . 107 41 . 6 21 35 244 16 103 50 . 25 120 219 34 443 50 Move 10899 | 51 968 69 464 552 486 502 1154 599 1331 1104 103 790 999 608 270 435 414 Hop 1 | . . . . . . . . . . . . . . 1 . . . Pick Up 278 | 6 17 1 18 10 35 17 37 14 32 17 . 15 30 7 15 1 6 Fast Attach 121 | 6 4 . 1 2 7 7 17 1 21 2 . 7 20 7 8 2 9 Attach 98 | . 1 . . . 15 6 11 6 15 15 . 6 12 2 4 . 5 Detach 8 | . . . . . 1 . 1 . . . . . 3 1 1 . 1 Swap 231 | . 10 . . 3 9 13 23 17 37 16 3 19 25 21 15 6 14 Drop 275 | . 12 . 2 10 25 18 35 11 41 3 1 19 45 13 24 3 13 Fire 948 | 11 87 . . 18 117 67 98 63 111 52 1 29 107 82 22 31 52 Melee 22 | . . . . . 3 . 11 . 5 3 . . . . . . . Ram 2 | . . . . . . . . . . . . . . . . . 2 Kick . | . . . . . . . . . . . . . . . . . . Crush 1 | . 1 . . . . . . . . . . . . . . . . Escape Stasis 44 | . . . . . . 24 2 12 . . . . . 6 . . . Rewire . | . . . . . . . . . . . . . . . . . . Trap . | . . . . . . . . . . . . . . . . . . Miscellaneous . | . . . . . . . . . . . . . . . . . . Route ------- -11/Scrapyard -10/Materials (discovered 5 exits: [*Mat x3] / *Min x2) -10/Mines -10/Exiles -9/Mines (discovered 2 exits: *Mat x2) -8/Materials (discovered 4 exits: *Fac / *Sto x2 / Gar) -8/Garrison (discovered 3 exits: *Fac x3) -7/Factory (discovered 5 exits: *Fac x2 / *Low x2 / Gar) -7/Garrison (discovered 3 exits: *Fac x3) -6/Factory (discovered 2 exits: *Low x2) -6/Lower Caves (discovered 3 exits: [*Low] / *Fac / *Dat) -6/Data Miner -5/Proximity Caves -5/Factory (discovered 4 exits: Upp x2 / *Ext x2) -5/Extension (discovered 3 exits: [*Fac x2] / *Cet) -5/Cetus (discovered 3 exits: [*Fac x2] / [*Arc]) -5/Archives (discovered 3 exits: [*Fac] / *Hub x2) -5/Hub_04(d) (discovered 2 exits: [*Fac x2]) History --------- Turn | Location | Event 7 | -11/Scrapyard | Discovered new exit (range 16) 124 | -11/Scrapyard | Entered Materials 220 | -10/Materials | Discovered new exit (range 5) 259 | -10/Materials | Identified exit to Mines 318 | -10/Materials | Build established: Mutant 497 | -10/Materials | Discovered exit to Mines (range 10) 543 | -10/Materials | Discovered new exit (range 8) 695 | -10/Materials | Discovered new exit (range 5) 1486 | -10/Materials | Discovered new exit (range 7) 1539 | -10/Materials | Repaired Lgt. Treads 1566 | -10/Materials | Repaired Lgt. Treads 2139 | -10/Materials | Entered Mines 2140 | -10/Mines | Assembled infested the area 2298 | -10/Mines | Discovered new exit (range 5) 2306 | -10/Mines | Entered Exiles 2350 | -10/Exiles | Met 8R-AWN 2380 | -10/Exiles | Met EX-HEX 2445 | -10/Exiles | Met EX-BIN 2557 | -10/Exiles | Met EX-DEC 2564 | -10/Exiles | Learned location of Zion (-7) 2863 | -10/Exiles | Visited The Gauntlet 3039 | -10/Exiles | Build established: Hauler-Mutant 3168 | -10/Exiles | Discovered new exit (range 15) 3204 | -10/Exiles | Entered Mines 3213 | -9/Mines | Met a Derelict bent on vengeance 3232 | -9/Mines | Discovered new exit (range 5) 3233 | -9/Mines | Learned location of Storage (-8) 3543 | -9/Mines | Joined a pair of Derelicts in attacking an 0b10 outpost 3743 | -9/Mines | Learned Materials emergency access door positions 4299 | -9/Mines | Found a damaged Exp. Sensor Array with a note attached 4319 | -9/Mines | Found Prototype Device 4332 | -9/Mines | Discovered new exit (range 13) 4351 | -9/Mines | Met a Derelict shopkeep closing up shop 4383 | -9/Mines | Entered Materials 4383 | -8/Materials | Evolved 4 slots: Utility x4 4652 | -8/Materials | Lost 3 parts (2p1n) 4800 | -8/Materials | Destroyed 9 combat bots 4855 | -8/Materials | Identified Exp. Sensor Array 4938 | -8/Materials | Discovered new exit (range 7) 5399 | -8/Materials | Identified exit to Storage 5440 | -8/Materials | Discovered new exit (range 15) 5630 | -8/Materials | Garrison activated, responded to threat 5890 | -8/Materials | Identified exit to Garrison 5890 | -8/Materials | Entered Garrison 6008 | -8/Garrison | Triggered checkpoint 6090 | -8/Garrison | Garrison Relay disabled 6257 | -8/Garrison | Triggered checkpoint 6348 | -8/Garrison | Triggered checkpoint 6410 | -8/Garrison | Garrison Relay disabled 6473 | -8/Garrison | Discovered new exit (range 9) 6568 | -8/Garrison | Triggered checkpoint 6597 | -8/Garrison | Triggered checkpoint 6689 | -8/Garrison | Lost 3 parts (1p1u1w) 6813 | -8/Garrison | Discovered new exit (range 9) 6858 | -8/Garrison | Triggered checkpoint 6890 | -8/Garrison | Garrison Relay disabled 6961 | -8/Garrison | Triggered checkpoint 7078 | -8/Garrison | Triggered checkpoint 7120 | -8/Garrison | Garrison Relay disabled 7166 | -8/Garrison | Discovered new exit (range 12) 7200 | -8/Garrison | Installed Relay Interface Framework 7209 | -8/Garrison | Entered Factory 7209 | -7/Factory | Evolved 2 slots: Propulsion x1, Weapon x1 7534 | -7/Factory | Build established: Hauler-Tank 7540 | -7/Factory | Fabricated Armor Integrity Analyzer (x1) 8144 | -7/Factory | Discovered new exit (range 9) 8434 | -7/Factory | Identified exit to Lower Caves 8460 | -7/Factory | Garrison activated, responded to threat 9051 | -7/Factory | Discovered new exit (range 5) 9126 | -7/Factory | Garrison activated, responded to threat 9589 | -7/Factory | Repaired Faulty Exp. Sensor Array? 9711 | -7/Factory | Repaired Broken Flak Gun 9757 | -7/Factory | Repaired Flak Gun 10009 | -7/Factory | First assault squad dispatched 10191 | -7/Factory | Identified exit to Garrison 10191 | -7/Factory | Entered Garrison 10246 | -7/Garrison | Triggered checkpoint 10278 | -7/Garrison | Garrison Relay disabled 10616 | -7/Garrison | Triggered checkpoint 10713 | -7/Garrison | Triggered checkpoint 10796 | -7/Garrison | Discovered new exit (range 13) 10874 | -7/Garrison | Triggered checkpoint 10903 | -7/Garrison | Garrison Relay disabled 11053 | -7/Garrison | Discovered new exit (range 9) 11128 | -7/Garrison | Triggered checkpoint 11191 | -7/Garrison | Garrison Relay disabled 11380 | -7/Garrison | Triggered checkpoint 11420 | -7/Garrison | Garrison Relay disabled 11538 | -7/Garrison | Discovered new exit (range 12) 11574 | -7/Garrison | Expanded RIF knowledge: Signal Jamming 11584 | -7/Garrison | Entered Factory 11584 | -6/Factory | Accompanied by 1 ally 11584 | -6/Factory | Evolved 2 slots: Utility x2 11915 | -6/Factory | Build established: Bothacker-Mutant 11975 | -6/Factory | Repaired Lyr. Light Armor Plating? 12238 | -6/Factory | Repaired Adv. Treads 12384 | -6/Factory | Identified exit to Lower Caves 12577 | -6/Factory | Build established: Bothacker-Tank 12613 | -6/Factory | Garrison activated, responded to threat 12867 | -6/Factory | Found Unknown Device 12867 | -6/Factory | Identified Launcher Loader 13823 | -6/Factory | Hacking Suite fried by hacking feedback 13996 | -6/Factory | Lost 3 parts (1p1u1w) 14162 | -6/Factory | Found Prototype Processor 14162 | -6/Factory | Identified Exp. Targeting Computer 14666 | -6/Factory | Build established: Hauler-Tank 14712 | -6/Factory | Entered Lower Caves 14750 | -6/Lower Caves | Encountered a Warlord checkpoint 15255 | -6/Lower Caves | Spotted B-75 Beast 15343 | -6/Lower Caves | Core integrity fell below 50% 15353 | -6/Lower Caves | Destroyed B-75 Beast 15370 | -6/Lower Caves | Lost 3 parts (1n2u) 15424 | -6/Lower Caves | Attracted the attention of an 0b10 outpost 15496 | -6/Lower Caves | Lost 4 parts (2n1u1w) 15841 | -6/Lower Caves | Lost 8 parts (2n2u4w) 15890 | -6/Lower Caves | P1-3CE showed up to help 15892 | -6/Lower Caves | P1-3CE revealed a hidden path 16019 | -6/Lower Caves | Identified exit to Factory 16317 | -6/Lower Caves | Attracted the attention of an 0b10 checkpoint 16598 | -6/Lower Caves | Discovered new exit (range 5) 16614 | -6/Lower Caves | A Derelict revealed a hidden shortcut to meet someone special 16619 | -6/Lower Caves | Identified exit to Data Miner 16835 | -6/Lower Caves | Entered Data Miner 16835 | -6/Data Miner | Accompanied by 2 allies 16835 | -6/Data Miner | Discovered new exit (range 6) 16855 | -6/Data Miner | Met Data Miner 16898 | -6/Data Miner | Learned location of Section 7 (-2) 16898 | -6/Data Miner | Acquired the access code to Warlord's prototype stash 16921 | -6/Data Miner | Received God Mode back door access code from Data Miner 16990 | -6/Data Miner | Identified exit to Proximity Caves 16996 | -6/Data Miner | Entered Proximity Caves 16996 | -5/Proximity Caves | Accompanied by 2 allies 17000 | -5/Proximity Caves | Attracted the attention of an 0b10 outpost 17165 | -5/Proximity Caves | Escorted by Enhanced Grunt 17646 | -5/Proximity Caves | Core integrity fell below 20% 17992 | -5/Proximity Caves | Attracted the attention of an 0b10 checkpoint 18109 | -5/Proximity Caves | Learned Factory terminal intel 18286 | -5/Proximity Caves | Build established: Hauler-Mutant 18449 | -5/Proximity Caves | Discovered exit to Factory (range 3) 18468 | -5/Proximity Caves | Entered Factory 18468 | -5/Factory | Evolved 2 slots: Utility x2 18469 | -5/Factory | Identified exit to Extension 18470 | -5/Factory | Loaded intel: 22 terminal locations 18513 | -5/Factory | Garrison activated, responded to threat 18758 | -5/Factory | Identified exit to Upper Caves 19701 | -5/Factory | Lost 3 parts (3u) 19727 | -5/Factory | Destroyed 8 combat bots 19750 | -5/Factory | Build established: Hauler-Tank 20826 | -5/Factory | Entered Extension 20890 | -5/Extension | Rescued a captive Derelict 20891 | -5/Extension | Rescued a captive Derelict 20933 | -5/Extension | Rescued a captive Derelict 20934 | -5/Extension | Rescued a captive Derelict 21261 | -5/Extension | Rescued a captive Derelict 21261 | -5/Extension | Rescued a captive Derelict 21343 | -5/Extension | Rescued a captive Derelict 21343 | -5/Extension | Rescued a captive Derelict 21402 | -5/Extension | Spotted B-75 Beast 21628 | -5/Extension | Disrupted transfer network 21816 | -5/Extension | Destroyed B-75 Beast 21833 | -5/Extension | Spotted B-75 Beast 21858 | -5/Extension | Destroyed B-75 Beast 21914 | -5/Extension | Discovered new exit (range 3) 22256 | -5/Extension | Rescued a captive Derelict 22326 | -5/Extension | First assault squad dispatched 22332 | -5/Extension | Discovered new exit (range 12) 22334 | -5/Extension | Discovered new exit (range 8) 22387 | -5/Extension | Entered Cetus 22412 | -5/Cetus | Spotted Cetus Guard 22412 | -5/Cetus | Spotted Cetus Guard 22423 | -5/Cetus | Spotted Cetus Guard 22427 | -5/Cetus | Spotted Cetus Guard 22436 | -5/Cetus | Destroyed Cetus Guard 22436 | -5/Cetus | Destroyed Cetus Guard 22437 | -5/Cetus | Destroyed Cetus Guard 22439 | -5/Cetus | Destroyed Cetus Guard 22561 | -5/Cetus | Discovered new exit (range 21) 22635 | -5/Cetus | Destroyed 8 combat bots 22812 | -5/Cetus | Discovered new exit (range 22) 22854 | -5/Cetus | Spotted Cetus Guard 22854 | -5/Cetus | Spotted Cetus Guard 22854 | -5/Cetus | Spotted Cetus Guard 22854 | -5/Cetus | Spotted Cetus Guard 22870 | -5/Cetus | Destroyed Cetus Guard 22870 | -5/Cetus | Destroyed Cetus Guard 22871 | -5/Cetus | Destroyed Cetus Guard 22872 | -5/Cetus | Destroyed Cetus Guard 22873 | -5/Cetus | Discovered new exit (range 21) 22893 | -5/Cetus | Met Revision 17 22965 | -5/Cetus | Build established: Scavenger-Mutant 23010 | -5/Cetus | Entered Archives 23131 | -5/Archives | Discovered new exit (range 22) 23188 | -5/Archives | Discovered new exit (range 22) 23209 | -5/Archives | Discovered new exit (range 22) 23320 | -5/Archives | Build established: Scavenger-Tank 24332 | -5/Archives | Entered Hub_04(d) 24363 | -5/Hub_04(d) | Discovered new exit (range 20) 24547 | -5/Hub_04(d) | Discovered new exit (range 22) 25035 | -5/Hub_04(d) | Network Hub disabled 25035 | -5/Hub_04(d) | Spotted Lightning 25035 | -5/Hub_04(d) | Spotted Lightning 25035 | -5/Hub_04(d) | Spotted Lightning 25035 | -5/Hub_04(d) | Spotted Lightning 25035 | -5/Hub_04(d) | Spotted Lightning 25035 | -5/Hub_04(d) | Spotted Lightning 25035 | -5/Hub_04(d) | Spotted Lightning 25035 | -5/Hub_04(d) | Spotted Lightning 25035 | -5/Hub_04(d) | Spotted Lightning 25035 | -5/Hub_04(d) | Spotted Lightning 25035 | -5/Hub_04(d) | Spotted Lightning 25035 | -5/Hub_04(d) | Spotted Lightning 25038 | -5/Hub_04(d) | Released all parts (16) 25040 | -5/Hub_04(d) | Core integrity fell below 50% 25091 | -5/Hub_04(d) | Network Hub disabled 25097 | -5/Hub_04(d) | Incoming investigation squad redirected 25112 | -5/Hub_04(d) | System corruption reached 10% 25118 | -5/Hub_04(d) | Core integrity fell below 20% 25121 | -5/Hub_04(d) | Destroyed by Lightning with EMDS Last Messages --------------- Investigation squad. 25078_ Acquired System Guard. 25091_ ALERT: Network intrusion management efficiency at 70%. 25091_ Network Hub explodes. 25091_ Control Node disabled. 25091_ Terminal disabled. 25092_ EMDS Slug penetrates Terminal. 25094_ Penetrated by EMDS Slug. 25097_ ALERT: Higher priority target reported, redirecting investigation. 25109_ EMDS Slug penetrates Wall. 25116_ EMDS Slug penetrates Control Node. 25116_ EMDS Slug penetrates Lightning. 25116_ EMDS Slug penetrates Control Node. 25117_ Penetrated by EMDS Slug. 25120_ EMDS Slug penetrates Lightning. 25120_ Penetrated by EMDS Slug. 25120_ Critical hit. 25120_ Centrium Heavy Treads destroyed. 25121_ Penetrated by EMDS Slug. 25121_ EMDS Slug penetrates Control Node. Map ----- +----------------------------------------------------+ | ?????????? ????# #?????????? ? | | ?????????? ????# #?????????? # | | ?????????? ????# ?????????? # | | ????????###/###?# #??????????# # | | ????????# #?# #??????????# # | | ????????#/ #?# #?????????## # | | ????????# #?# ######+#### | | #####???# #?# # # | | #! ????* ### # # | | # " "?#####+## # ## # | | # " " ; # """" ## # | | # " ; + """" ## # | | # ; ;#### # """" ## # | | # ; ; ## "# """" ## # | | ?#;;;;;; ; ; ;# ## # | | ## ;;;;;;;;;;;;; ;;#######+### # | | ? ; ; | | ## ; ; | | ? ; ;;#### ######### | | ## ; ; #?# ????###?## | | # ; ; #?# ?#########+ | | # ; ; #?# ## | | ; ; ### ## | | # ; ;;;;; /" | | # ; ; " | | ; @ ;;;;; " | | # ;;;;;;;;;;;;; ## # """" | | ??# ;;;;######/### ? | | ??## ; # ] | | ???##### # h hh #?#+##### | | ???????##### hh ! ### ##### | | ???????????# h #?# #?### | | ???????????# #?# ###?# | | ???????????# #?# ##### | | ???????????# ### ##### | | ???????????# " ###?# | | ???????????# """ #####?### | | ???????????# #??##?### | | ???????????# """ " #???##### | | ???????????# #????#### | | ???????????##############??##??#? | | ?????????????????????????????###? | | ???????????????????????????????## | | ??????????????????????????????#?# | | ????????????????????????????????# | | ????????????????????????????????? | | ????????????????????????????????? | | ????????????????????????????????? | | ????????????????????????????????? | | ????????????????????????????????? | +----------------------------------------------------+ Best States ------------- Heat Dissipation 71 Energy Generation 25 Energy Capacity 350 Matter Stores 300 Matter Capacity 300 Sight Range 22 Terrain Scan Range 24 Terrain Scan Density 210 Corruption Prevention 12 Armor Coverage 1350 Resistance: KI 30 Weapon Shielding 66 Weapon Cycling 30 Evasion (%) 50 Targeting Accuracy 12 Recoil Reduction 3 Kinecelleration 40 Salvage Targeting 4 Offensive Hacking 14 Relay Coupler Types 27 Relay Coupler Value 1 Item Schematics ----------------- Hcp. Storage Unit | -10/Materials | Hacked Exp. Sensor Array | -8/Materials | Scanalyzed Armor Integrity Analyzer | -8/Materials | Hacked Combat Drone Bay | -6/Data Miner | Free Lgt. Regenerative Plating | -6/Data Miner | Free Exp. Flexi-carbon Leg | -6/Data Miner | Free Exp. Cesium-ion Thruster | -6/Data Miner | Free Exp. Transmission Jammer | -6/Data Miner | Free Cloaking Device | -6/Data Miner | Free Hvy. Treads | -5/Factory | Hacked Robot Schematics ------------------ S-27 Virus | -6/Data Miner | Free G-50 Soldier | -6/Data Miner | Free L-41 Fighter | -6/Data Miner | Free X-72 Disruptor | -6/Data Miner | Free H-66 Slayer | -6/Data Miner | Free P-70 Sage | -6/Data Miner | Free I-36 Angel | -6/Data Miner | Free I-47 Archangel | -6/Data Miner | Free Fabricated ------------ Armor Integrity Analyzer | x1 | -7/Factory Alien Tech Used ----------------- None Achievements -------------- None Challenges ------------ None Game ------ Seed CompactImpulseTorch Manual? 0 Play Time 03:12:18 Cumulative 144.1 hours Start 2021.04.27 @ 21:31:20 End 2021.04.30 @ 22:43:28 Sessions 21 Manual Loads 0 Difficulty Rogue Special Mode None Game No. 35 Rogue 34 Adventurer 0 Explorer 1 Win Type - Total 9 Types 3/2/1/1/0/0/1/1/0 Lore% 59 Gallery% 73 Achievement% 59 Wizard Run 0 Options --------- ASCII 0 Keyboard 0 Movement Mouse Keybinds 0 Fullscreen 1 Font 18/Terminus Map View 76x50 Tactical HUD 1 Map Filters NONE Filters NONE Steam 0 RUN: b847fbd6-eca6-49c1-98e9-b983652c5b24